 Zot Defence DCSS version 0.15.2 (webtiles) character file.

169 Adamkad1 the Covered (level 5, 0/1 (33) HPs)
             Began as a Gargoyle Fighter on Jan 8, 2019.
             Rotted away (Sigmund)
             ... in the Realm of Zot (Scenario IV: Columnade).
             The game lasted 00:04:05 (701 turns).

Adamkad1 the Covered (Gargoyle Fighter)              Turns: 701, Time: 00:04:05

HP   0/1 (33)    AC 11     Str 20      XL: 5   Next: 50%
MP   5/5         EV  6     Int  9      God:
Gold 0           SH  9     Dex  9      Spells:  0 memorised,  4 levels left

rFire  . . .     SeeInvis .     a - +0 flail
rCold  . . .     Clarity  .     b - +0 scale mail
rNeg   + . .     rCorr    .     c - +0 shield
rPois  +         rRot     +     (no helmet)
rElec  +         Spirit   .     (no cloak)
SustAb .         Warding  .     (no gloves)
rMut   .         Stasis   .     (no boots)
Gourm  .                        (no amulet)
MR     .....                    (no ring)
                                (no ring)

@: not resistant to hostile enchantments, extremely unstealthy
A: negative energy resistance 1, electricity resistance, unbreathing,
petrification resistance, rot immunity, AC +4
a: Make oklob sapling, Make arrow trap, Make plant, Remove Curse, Make burning
bush


You were in the Realm of Zot.
You were not hungry.

You visited 1 branch

Inventory:

Hand weapons
 a - a +0 flail (weapon)
Armour
 b - a +0 scale mail (worn)
 c - a +0 shield (worn)
Comestibles
 f - a bread ration
Scrolls
 k - a scroll of blinking
Potions
 d - 3 potions of curing
 e - a potion of might
 g - a potion of heal wounds
 h - a potion of haste
 i - 2 potions of magic
 j - a potion of berserk rage


   Skills:
 + Level 4.0 Fighting
 * Level 3.1 Maces & Flails
 * Level 4.5 Armour
 * Level 4.4 Shields


You had 4 spell levels left.
You didn't know any spells.

Dungeon Overview and Level Annotations

Branches:
    Zot (1/1)

Altars:

Annotations:
Zot Sigmund


Innate Abilities, Weirdness & Mutations

You are resistant to torment.
You are immune to poison.
Your stone body is very resilient (AC +4).
You resist negative energy.
You are resistant to electric shocks.
You can survive without breathing.
You are immune to petrification.
You are immune to rotting.


Message History

Unknown command.
You feel less confused.
Your flesh rots away as the Orb of Zot is desecrated. x2
Things that are here:
a club; a goblin skeleton You miss something.
Your flesh rots away as the Orb of Zot is desecrated. x4
Your flesh rots away as the Orb of Zot is desecrated.
You hit something.
Your flesh rots away as the Orb of Zot is desecrated. x5
You barely miss something.
Your flesh rots away as the Orb of Zot is desecrated. x6
You feel a sense of great excitement!
You barely miss something.
Your flesh rots away as the Orb of Zot is desecrated. x4
Unknown command.
You closely miss something.
Your flesh rots away as the Orb of Zot is desecrated. x2
Ouch! That really hurt!
You die...

▓▓▓▓▓▓▓▓▓ ▓▓▓▓▓ ▓▓..)P...▓▓
▓▓▓▓▓ ▓∆∆∆▓ ▓▓...%.%...▓▓ ▓=}[▓
▓∆∆∆▓▓ ▓.......%...▓ ▓▓)}∆▓
▓▓▓▓▓▓▓▓▓▓.)..)0@....▓▓▓▓▓▓▓▓▓▓
▓▓.....))..%....).)....▓▓
▓.....%...%....%.)....▓
▓...▓▓▓▓.......▓▓▓▓...▓
▓▓...▓▓▓▓.....▓▓▓▓...▓▓
▓▓...▓▓▓▓.P.▓▓▓▓...▓▓
▓▓...▓▓▓▓▓▓▓▓▓...▓▓ ▓▓...▓▓
▓▓...▓▓ ▓▓...▓▓ ▓▓...▓▓


You could see 2 friendly oklob saplings.

Vanquished Creatures
  3 oozes (Zot)
  A kobold (Zot)
  2 bats (Zot)
  2 goblins (Zot)
  A rat (Zot)
9 creatures vanquished.

Vanquished Creatures (collateral kills)
  A killer bee (Zot)
  Jessica (Zot)
  2 adders (Zot)
  A giant cockroach (Zot)
  2 hobgoblins (Zot)
  2 jackals (Zot)
  6 kobolds (Zot)
  3 quokkas (Zot)
  A ball python (Zot)
  9 bats (Zot)
  A giant newt (Zot)
  8 goblins (Zot)
  An orc zombie (Zot)
  6 rats (Zot)
44 creatures vanquished.

Grand Total: 53 creatures vanquished

Notes
Turn   | Place    | Note
--------------------------------------------------------------
     0 | Zot      | Adamkad1, the Gargoyle Fighter, began the quest for the Orb.
     0 | Zot      | Reached XP level 1. HP: 14/14 MP: 1/1
   290 | Zot      | Reached XP level 2. HP: 19/19 MP: 2/2
   343 | Zot      | Noticed Girobac
   355 | Zot      | Killed Girobac the killer bee
   355 | Zot      | Reached skill level 4 in Armour
   355 | Zot      | Reached XP level 3. HP: 23/23 MP: 3/3
   355 | Zot      | Reached XP level 4. HP: 28/28 MP: 4/4
   583 | Zot      | Noticed Jessica
   587 | Zot      | Killed Jessica
   587 | Zot      | Reached XP level 5. HP: 33/33 MP: 5/5
   684 | Zot      | Noticed Sigmund
   701 | Zot      | Rotted away (Sigmund)

Action                   |  1- 3 |  4- 6 || total
-------------------------+-------+-------++-------
Melee: Flail             |    12 |    26 ||    38
 Abil: Make oklob saplin |     1 |     1 ||     2
